 Dungeon Crawl Stone Soup version 0.29-a0-214-g17f627cfee (webtiles) character file.

Game seed: 15471766219697308207

39 sammy202020 the Skirmisher (level 3, -12/29 HPs)
             Began as a Demonspawn Berserker on Feb 25, 2022.
             Was a Follower of Trog.
             Mangled by a spatial maelstrom (18 damage)
             ... on level 1 of the Abyss.
             The game lasted 00:04:38 (1431 turns).

sammy202020 the Skirmisher (Demonspawn Berserker)   Turns: 1431, Time: 00:04:38

Health: -12/29     AC:  4    Str: 19    XL:     3   Next: 26%
Magic:  3/3        EV: 12    Int:  8    God:    Trog [*.....]
Gold:   24         SH:  0    Dex: 12    Spells: 2/2 levels left

rFire   . . .      SeeInvis .   a - +0 hand axe
rCold   + . .      Faith    .   (no shield)
rNeg    . . .      Spirit   .   b - +0 animal skin
rPois   .          Reflect  .   (no helmet)
rElec   .          Harm     .   (no cloak)
rCorr   .          Rampage  .   c - +1 pair of gloves
Will    .....                   (no boots)
Stlth   +.........              (no amulet)
HPRegen 0.09/turn               h - ring of protection from cold
MPRegen 0.08/turn               (no ring)

@: no status effects
A: sturdy frame 1
a: Renounce Religion, Berserk


You were on level 1 of the Abyss.
You worshipped Trog.
Trog was aware of your devotion.
You visited 1 branch of the dungeon, and saw 2 of its levels.
You visited the Abyss 1 time.

You collected 24 gold pieces.

Inventory:

Hand Weapons
 a - a +0 hand axe (weapon)
Armour
 b - a +0 animal skin (worn)
 c - a +1 pair of gloves (worn)
Jewellery
 h - a ring of protection from cold (left hand)
 j - a ring of positive energy
Scrolls
 f - a scroll of identify
 i - a scroll of teleportation
Potions
 d - 2 potions of curing
 e - a potion of lignification {unknown}
 g - 2 potions of mutation {unknown}


   Skills:
 + Level 3.4 Fighting
 + Level 3.0 Axes
 + Level 2.2 Armour
 + Level 2.2 Dodging


You had 2 spell levels left.
You didn't know any spells.
Your spell library was empty.

Dungeon Overview and Level Annotations

Branches:
Dungeon (2/15)

Altars:

Shops:
D:1 *   D:2 !

Annotations:
D:2 Terence


Innate Abilities, Weirdness & Mutations

Your movements are slightly less encumbered by armour. (ER -2)


Message History

Found a pair of boots.
Found a whip.
Terence the Incautious comes into view.
He is wielding a +6 mace of distortion.
Terence shouts!
You hit Terence.
Terence is lightly wounded.
Terence hits you with a +6 mace of distortion.
Space warps around you.
You hit Terence but do no damage.
Terence is lightly wounded.
Terence hits you with a +6 mace of distortion.
You blink.
A goblin comes into view. It is wielding a +0 dagger.
Found a ring mail and a pair of gloves.
Found a stone staircase leading down.
The goblin shouts!
Terence closely misses you.
A red film seems to cover your vision as you go berserk!
You feel yourself moving faster!
You feel mighty!
Terence hits you with a +6 mace of distortion.
You are cast into the Abyss!
This branch contains the abyssal rune of Zot.
You feel a strong urge to attack something.
You feel your anger nearly subside.
You are no longer berserk.
You are exhausted.
You feel yourself slow down.
Unknown command.
Unknown command.
You feel yourself speed up.
A spatial maelstrom comes into view.
You can no longer call upon Trog for regeneration and willpower.
The spatial maelstrom hits you.
You blink.
You recover from your berserk rage. 2 spatial vortices come into view. 2 spatial vortices come into view.
A large abomination comes into view.
The spatial vortex hits you! Space warps around you.
* * * LOW HITPOINT WARNING * * *
The spatial maelstrom hits you!!
Ouch! That really hurt!
You die...

.............v.......
... ....##..##..##. #
#...#.. ..##...v# .
#.....#..####.##
.#.##. ####.v.# #.
..X.##.#..#.# # #
#.###.....#..####
..## #.....##vv## ..
##......##.@.# .
...............# . .
.....#.#.#.#..# ...#
# ##.#..#..........
.. . ........###....
# . ..... .....#
.#### .. .
......##..# #. .. .
.. .#. . . . . . ##.
. ....


You could see a spatial maelstrom and 3 spatial vortices.

Vanquished Creatures
  6 bats (D:1)
  2 endoplasms
  2 giant cockroaches (D:1)
  5 goblins (D:1)
  2 hobgoblins (D:1)
  5 jackals (D:1)
  3 quokkas (D:1)
  A ball python (D:1)
  3 frilled lizards
  3 kobolds (D:1)
  2 rats (D:1)
34 creatures vanquished.

Notes
Turn   | Place    | Note
-------+----------+-------------------------------------------
     0 | D:1      | sammy202020 the Demonspawn Berserker began the quest for
                  | the Orb.
     0 | D:1      | Reached XP level 1. HP: 18/18 MP: 1/1
     2 | D:1      | Noticed an octopode
     2 | D:1      | Noticed an elf
     5 | D:1      | Noticed a ghoul
     5 | D:1      | Noticed a naga
     7 | D:1      | Noticed a troll
     9 | D:1      | Noticed a vampire
     9 | D:1      | Noticed a demigod
    11 | D:1      | Noticed a vine stalker
    13 | D:1      | Noticed a gargoyle
    15 | D:1      | Noticed a demonspawn
    15 | D:1      | Noticed a draconian
    17 | D:1      | Noticed a minotaur
    17 | D:1      | Noticed a human
    19 | D:1      | Noticed a tengu
    19 | D:1      | Noticed a felid
    21 | D:1      | Noticed an ogre
    23 | D:1      | Noticed a spriggan
    25 | D:1      | Noticed a dwarf
    25 | D:1      | Noticed a merfolk
    27 | D:1      | Noticed a formicid
    70 | D:1      | Gained mutation: Your movements are slightly less
                  | encumbered by armour. (ER -2) [demonic ancestry]
    70 | D:1      | Reached XP level 2. HP: 16/24 MP: 2/2
   116 | D:1      | HP: 1/24 [goblin/+0 club (3)]
   416 | D:1      | Noticed a golden eye
   419 | D:1      | Found a faded altar of an unknown god.
   423 | D:1      | Noticed a great orb of eyes
   423 | D:1      | Noticed a golden eye
   423 | D:1      | Noticed a shining eye
   642 | D:1      | Found Leodups's General Store.
   673 | D:1      | Reached XP level 3. HP: 23/29 MP: 3/3
   792 | D:1      | Reached ** piety under Trog
  1288 | D:2      | Found Juyj's Distillery.
  1373 | D:2      | Noticed Terence
  1382 | D:2      | Cast into level 1 of the Abyss (Terence)
  1416 | Abyss:1  | Noticed a spatial maelstrom
  1429 | Abyss:1  | Noticed a spatial vortex
  1429 | Abyss:1  | Noticed a spatial vortex
  1430 | Abyss:1  | Noticed a spatial vortex
  1430 | Abyss:1  | Noticed a spatial vortex
  1430 | Abyss:1  | Noticed a large abomination
  1431 | Abyss:1  | Mangled by a spatial maelstrom

Illustrated notes

Levels and vault maps discovered:
D:1:      kb_arrival_jail, layout_basic, hellmonk_ecumenical_altar_watching_god,
          serial_shops, nicolae_shop_hallway_stairs
D:2:      layout_basic, serial_shops, shop, basic_altar, uniq_sigmund,
          uniq_terence
Abyss:1:  base:
D:2

Skill      XL: |  1  2 |
---------------+-------+-----
Armour         | 2 |  2.2
Dodging        | 2 |  2.2
Axes           | 3 |  3.0
Fighting       | |  3.4

Action                   || total
-------------------------++-------
Melee: Hand axe          ||    87
       Punch             ||     1
Invok: Berserk           ||     2
  Use: Scroll            ||     5
Armor: Animal skin       ||    25
Dodge: Dodged            ||    91

Table legend: (Time is in decaauts)
 A = Elapsed time spent in this place.
 B = Non-inter-level travel time spent in this place.
 C = Inter-level travel time spent in this place.
 D = Time resting spent in this place.
 E = Time spent auto-exploring this place.
 F = Levels seen in this place.
 G = Mean time per level.
                   A        B        C        D        E       F      G
               +--------+--------+--------+--------+--------+-----+--------+
         Total |   1467 |   1391 |     76 |    276 |    749 |   3 |  489.0 |
       Dungeon |   1405 |   1329 |     76 |    276 |    743 |   2 |  702.5 |
         Abyss |     61 |     61 |      0 |      0 |      6 |   1 |   61.0 |
               +--------+--------+--------+--------+--------+-----+--------+

Top non-repeatable levels by time:
     D:1: 1297 daAuts
     D:2: 108 daAuts
 Abyss:1: 61 daAuts
